 Dungeon Crawl Stone Soup version 0.20-a0-210-gd6c29eb (webtiles) character file.

401 KristoblXynda the Slasher (level 6, -1/48 HPs)
             Began as a Draconian Skald on Nov 26, 2016.
             Slain by an ogre
             ... wielding a +0 giant club
              (17 damage)
             ... on level 4 of the Dungeon.
             The game lasted 00:07:42 (4515 turns).

KristoblXynda the Slasher (Draconian Skald)         Turns: 4515, Time: 00:07:43

Health: -1/48      AC:  7    Str: 14    XL:     6   Next: 54%
Magic:  9/9        EV: 13    Int: 14    God:
Gold:   187        SH:  0    Dex: 11    Spells: 3/9 levels left

rFire  . . .     SeeInvis .     a - +1 falchion
rCold  . . .     Gourm    .     (armour unavailable)
rNeg   . . .     Faith    .     (no shield)
rPois  .         Spirit   .     (helmet restricted)
rElec  .         Reflect  .     h - +0 cloak
rCorr  +         Harm     .     (no gloves)
MR     .....                    (no boots)
Stlth  +.........               k - amulet of regeneration
                                (no ring)
                                l - ring of resist corrosion

@: no status effects
A: unfitting armour, cold-blooded, AC +6
a: no special abilities


You were on level 4 of the Dungeon.
You were not hungry.

You visited 1 branch of the dungeon, and saw 4 of its levels.

You collected 187 gold pieces.

Inventory:

Hand Weapons
 a - a +1 falchion (weapon)
 e - a +3 dagger of venom
Missiles
 i - a throwing net (quivered)
Armour
 h - a +0 cloak (worn)
Jewellery
 k - an amulet of regeneration (around neck)
 l - a ring of resist corrosion (left hand)
Scrolls
 d - 3 scrolls of enchant weapon
 f - 2 scrolls of enchant armour
 g - a scroll of amnesia
 j - a scroll of remove curse
Potions
 n - a potion of brilliance
 p - 2 potions of haste
Books
 b - a book of Battle

   Spells                             Type                      Level
   a - Infusion                       Charms                       1
   b - Shroud of Golubria             Charms/Translocation         2
   c - Song of Slaying                Charms                       2
   d - Spectral Weapon                Hexes/Charms                 3
   e - Regeneration                   Charms/Necromancy            3
Comestibles
 c - 4 bread rations
 m - 3 meat rations


   Skills:
 - Level 2.1 Fighting
 + Level 4.2 Long Blades
 + Level 3.9 Dodging
 - Level 2.0 Spellcasting
 - Level 4.0 Charms
 + Level 1.6 Necromancy


You had 3 spell levels left.
You knew the following spells:

 Your Spells              Type           Power        Failure   Level  Hunger
b - Regeneration          Chrm/Necr      #.........   24%         3    ####...
c - Spectral Weapon       Hex/Chrm       #.......     30%         3    ####...


Dungeon Overview and Level Annotations

Branches:
Dungeon (4/15)
 Temple: D:4-7

Altars:
Makhleb
Ru


Innate Abilities, Weirdness & Mutations

Your plain brown scales are hard. (AC +6)
You cannot fit into any form of body armour.
You are cold-blooded and may be slowed by cold attacks.


Message History

You kill the adder!
An ogre comes into view. It is wielding a giant club.
The ogre shouts!
You barely miss the ogre. The ogre misses you.
You slash the ogre! You tail-slap the ogre.
The ogre is heavily wounded.
The ogre hits you with a giant club!
You barely miss the ogre.
The ogre is heavily wounded.
The ogre closely misses you.
You hit the ogre.
Your tail-slap misses the ogre.
The ogre is severely wounded.
You hit the ogre.
The ogre is almost dead.
The ogre hits you with a giant club!!
* * * LOW HITPOINT WARNING * * *
You barely miss the ogre.
The ogre is severely wounded.
The ogre hits you with a giant club!
You die...

##############
#######.O@.........#
#.......##.....###.#######
#.########.###.###........
#.# #....########
#.###.##.# #.....##.#
###.####.# #.# #.# #.# #.#


You could see an ogre.

Vanquished Creatures
  A phantom (D:4)
  A scorpion (D:4)
  An orc wizard (D:2)
  Terence (D:2)
  10 adders
  An ooze (D:1)
  6 worms
  A dart slug (D:1)
  2 leopard geckos (D:2)
  11 orcs
  2 giant cockroaches (D:2)
  10 goblins
  11 hobgoblins
  2 quokkas
  2 ball pythons (D:4)
  13 bats
  5 frilled lizards
  6 kobolds
  9 rats
95 creatures vanquished.

Notes
Turn   | Place    | Note
-------+----------+-------------------------------------------
     0 | D:1      | KristoblXynda the Draconian Skald began the quest for the Orb.
     0 | D:1      | Reached XP level 1. HP: 17/17 MP: 3/3
   377 | D:1      | Reached XP level 2. HP: 7/24 MP: 5/5
   971 | D:1      | Reached XP level 3. HP: 19/29 MP: 6/6
  1509 | D:2      | Reached XP level 4. HP: 36/36 MP: 7/7
  1556 | D:2      | Noticed Terence
  1587 | D:2      | Killed Terence
  1963 | D:2      | Found a sacrificial altar of Ru.
  1975 | D:2      | Reached XP level 5. HP: 38/41 MP: 8/8
  2370 | D:2      | Found a faded altar of an unknown god.
  2627 | D:3      | Learned a level 3 spell: Regeneration
  2631 | D:3      | Learned a level 3 spell: Spectral Weapon
  3593 | D:4      | Found a burning altar of Makhleb.
  3766 | D:4      | Reached XP level 6. HP: 38/48 MP: 9/9
  4205 | D:4      | Reached skill level 1 in Necromancy
  4515 | D:4      | Slain by an ogre

Vault maps used:
D:1:      lemuel_arrival_muddy
D:2:      first_bread, chequers_ecumenical_altar_island,
          nicolae_ru_great_annihilating_truth, uniq_terence
D:3:      kennysheep_small_spiral
D:4:      lemuel_round_altar, nrook_loot_triangle, uniq_crazy_yiuf_cottage

Skill      XL: |  1  2  3  4  5  6 |
---------------+-------------------+-----
Charms         | 3 4 |  4.0
Dodging        | 2 3 |  3.9
Long Blades    | 3 4 |  4.2
Necromancy     | 1 |  1.6
Fighting       | |  2.1
Spellcasting   | |  2.0

Action                   |  1- 3 |  4- 6 || total
-------------------------+-------+-------++-------
Melee: Falchion          |    56 |    91 ||   147
       Tailslap          |     7 |    23 ||    30
       Dagger            |    31 |   153 ||   184
  Use: Potion            |     1 |     1 ||     2
       Scroll            |       |    12 ||    12
 Stab: Sleeping          |     2 |     2 ||     4
       Paralysed         |       |     1 ||     1
  Eat: Chunk             |     2 |     7 ||     9
       Fruit             |       |     3 ||     3
Armor: Skin              |    27 |    49 ||    76
Dodge: Dodged            |    61 |   133 ||   194
       Rpst.: Falchion   |    12 |    13 ||    25
